AoeStats
← MattAtArms

Arabian Desert

509680375Analyzed
1v1 RM · 5d ago on Sep 27, 2026· 37m 0s· 2 players
Game mode
Random Map
Map size
Tiny (2 player)
Population
200
Speed
Normal
Resources
Standard
Victory
Conquest
Starting age
Dark Age
Ending age
Imperial Age
RankedLock teamsTeams togetherTeam positionsShared explorationLock speedFull tech treeHidden civsTurbo modeCheats
Victory
Defeat
🇫🇷 Celts · France
2342
+4
🇬🇧 Poles · United Kingdom
2013
-4
Leonidas
6:16 Loom
6:34 Loom
6:38 Loom
9:19 Feudal Age
11:31 Man-at-Arms
13:30 Arson
15:46 Horse Collar
16:18 Double-Bit Axe
21:20 Castle Age
19:46 Scale Mail Armor
20:29 Forging
21:23 Long Swordsman
21:48 Gambesons
22:20 Chain Mail Armor
29:02 Town Watch
30:29 Wheelbarrow
35:35 Bow Saw
36:42 Heavy Plow
MattAtArms
8:28 Feudal Age
8:55 Double-Bit Axe
13:28 Loom
19:56 Castle Age
19:08 Loom
19:14 Gold Mining
20:11 Fletching
20:22 Padded Archer Armor
20:12 Horse Collar
20:22 Crossbowman
20:58 Bodkin Arrow
21:56 Bow Saw
23:02 Padded Archer Armor
24:21 Ballistics
25:56 Thumb Ring
31:15 Wheelbarrow
30:26 Town Watch
Connection lost

Rejoining the realm…

Still unreachable

The connection could not be restored.

Session expired

The server has moved on; the page needs a fresh start.